AoeStats
← Burrito

Golden Pit

508490860Analyzed
1v1 RM · 11d ago on Sep 22, 2026· 27m 24s· 2 players
Game mode
Random Map
Map size
Tiny (2 player)
Population
200
Speed
Normal
Resources
Standard
Victory
Conquest
Starting age
Dark Age
Ending age
Imperial Age
RankedLock teamsTeams togetherTeam positionsShared explorationLock speedFull tech treeHidden civsTurbo modeCheats
Victory
Defeat
🇷🇴 Vikings · Romania
898
+18
🇳🇱 Franks · Netherlands
932
-18
benidobre
9:55 Feudal Age
9:01 Loom
11:01 Double-Bit Axe
12:20 Man-at-Arms
21:04 Castle Age
19:33 Arson
21:14 Scale Mail Armor
21:08 Long Swordsman
21:49 Squires
22:16 Bow Saw
24:00 Chain Mail Armor
24:11 Forging
26:11 Horse Collar
Burrito
13:49 Feudal Age
23:33 Scale Barding Armor
23:51 Double-Bit Axe
Connection lost

Rejoining the realm…

Still unreachable

The connection could not be restored.

Session expired

The server has moved on; the page needs a fresh start.